 Dungeon Crawl Stone Soup version 0.26-a0-958-gf3041fb45f (webtiles) character file.

Game seed: 16275994432144708598

92 PentaManta the Ruffian (level 4, -1/31 HPs)
             Began as an Octopode Fighter on Nov 30, 2020.
             Slain by Grinder (5 damage)
             ... on level 3 of the Dungeon.
             The game lasted 00:02:14 (1700 turns).

PentaManta the Ruffian (Octopode Fighter)           Turns: 1700, Time: 00:02:16

Health: -1/31      AC:  1    Str: 16    XL:     4   Next: 60%
Magic:  4/4        EV: 11    Int: 10    God:
Gold:   95         SH:  8    Dex: 11    Spells: 3/3 levels left

rFire    . . .     SeeInvis .     - Unarmed
rCold    . . .     Faith    .   a - +0 kite shield
rNeg     . . .     Spirit   .   (helmet restricted)
rPois    .         Reflect  .   (no amulet)
rElec    .         Harm     .   j - +4 ring of slaying
rCorr    .         Rampage  .   (no ring)
MR       .....                  (no ring)
Stlth    ++........             (no ring)
HPRegen  0.10/turn              (no ring)
MPRegen  0.09/turn              (no ring)
                                (no ring)
                                (no ring)

@: no status effects
A: almost no armour, stealthy swim, amphibious, 8 rings, constrict 8, camouflage
1, gelatinous body 1
a: no special abilities


You were on level 3 of the Dungeon.
You visited 1 branch of the dungeon, and saw 3 of its levels.

You collected 95 gold pieces.

Inventory:

Armour
 a - a +0 kite shield (worn)
Jewellery
 j - a +4 ring of slaying (left tentacle)
 o - a cursed ring of teleportation {unknown}
Scrolls
 c - a scroll of fog {unknown}
 h - 2 scrolls of remove curse {unknown}
 i - 3 scrolls of identify {unknown}
 l - a scroll of magic mapping {unknown}
 n - a scroll of blinking {unknown}
Potions
 b - 2 potions of might
 d - a potion of degeneration {unknown}
 e - a potion of invisibility {unknown}
 f - a potion of resistance {unknown}
 g - a potion of magic {unknown}
 k - a potion of brilliance {unknown}
 m - a potion of heal wounds {unknown}
 p - a potion of haste {unknown}


   Skills:
 - Level 3.0 Fighting
 - Level 3.0 Dodging
 - Level 3.0 Shields
 + Level 4.7 Unarmed Combat


You had 3 spell levels left.
You didn't know any spells.
Your spell library was empty.

Dungeon Overview and Level Annotations

Branches:
Dungeon (3/15)

Altars:

Annotations:
D:3 Grinder, Robin


Innate Abilities, Weirdness & Mutations

You cannot wear most types of armour.
You are very stealthy in the water. (Stealth+)
You are amphibious.
You can wear up to eight rings at the same time.
You can use your tentacles to constrict eight enemies at once.
Your skin changes colour to match your surroundings (Stealth+).
Your rubbery body absorbs attacks. (AC +1, EV +1)


Message History

Robin of the Strong Arm comes into view.
They are wielding a +0 club.
Grinder gestures at you. Pain shoots through your body!
You block the hobgoblin's attack.
The goblin enters a dispersal trap!
The hobgoblin blinks!
Grinder blinks!
The goblin blinks!
The gnoll blinks!
Grinder blinks!
Robin blinks!
You blink.
The goblin blinks!
The goblin hits you with a +0 club.
* * * LOW HITPOINT WARNING * * *
Robin enters a dispersal trap!
Grinder blinks!
The hobgoblin blinks!
The goblin blinks! x3; You blink.
Robin blinks!
Grinder gestures at you.
You suddenly lose the ability to move!
Grinder blinks!
You can move again.
You tentacle-slap Grinder. Your grab misses Grinder.
Your squeeze misses Grinder.
Grinder is moderately wounded.
Grinder hits you.
* * * LOW HITPOINT WARNING * * *
You writhe in agony.
You die...

############
###########..........####
.......†................?
#######.#.###.........$.#
..#....#.# #..........g# ##
#.##.#...# #@5g[....^g.#
.####.##.#.#####..g........##
..............†........g...§g
)###†....#.#########.....#.#.#
.# #.#.....# ###.###§# # .#
#.#.#.### #.# # .# #...#.# ..
.# #####.# ### .. #.#


You could see Grinder, a hobgoblin and 2 goblins.

Vanquished Creatures
  3 adders (D:2)
  An ooze (D:2)
  A worm (D:3)
  2 dart slugs
  2 leopard geckos
  A ball python (D:1)
  5 bats
  7 giant cockroaches
  6 goblins
  8 hobgoblins
  2 frilled lizards (D:1)
  8 kobolds
  4 rats (D:1)
50 creatures vanquished.

Notes
Turn   | Place    | Note
-------+----------+-------------------------------------------
     0 | D:1      | PentaManta the Octopode Fighter began the quest for the
                  | Orb.
     0 | D:1      | Reached XP level 1. HP: 16/16 MP: 1/1
   132 | D:1      | Reached XP level 2. HP: 21/21 MP: 2/2
   253 | D:1      | Reached skill level 3 in Unarmed Combat
   505 | D:1      | Reached XP level 3. HP: 18/26 MP: 3/3
  1114 | D:2      | Reached skill level 4 in Unarmed Combat
  1298 | D:2      | Reached XP level 4. HP: 28/31 MP: 4/4
  1689 | D:3      | Noticed Grinder
  1694 | D:3      | Noticed Robin
  1695 | D:3      | Paralysed by Grinder for 4 turns
  1700 | D:3      | Slain by Grinder

Illustrated notes

Levels and vault maps discovered:
D:1:      saegor_arrival_under_anarchy, layout_rooms, minmay_pentomino_z2
D:2:      layout_loops_ring
D:3:      layout_basic, uniq_robin, uniq_ijyb, uniq_grinder

Skill      XL: |  1  2  3 |
---------------+----------+-----
Unarmed Combat | 3 4 |  4.7
Fighting       | |  3.0
Dodging        | |  3.0
Shields        | |  3.0

Action                   |  1- 3 |  4- 6 || total
-------------------------+-------+-------++-------
Melee: Unarmed           |    69 |    26 ||    95
       Constrict         |    20 |     6 ||    26
       Tentacles         |    13 |     3 ||    16
       Punch             |     1 |       ||     1
 Stab: Sleeping          |     6 |     2 ||     8
Armor: Skin              |     4 |     3 ||     7
Dodge: Dodged            |    36 |     9 ||    45
Block: Kite shield       |    20 |    11 ||    31

Table legend: (Time is in decaauts)
 A = Elapsed time spent in this place.
 B = Non-inter-level travel time spent in this place.
 C = Inter-level travel time spent in this place.
 D = Time resting spent in this place.
 E = Time spent auto-exploring this place.
 F = Levels seen in this place.
 G = Mean time per level.
                   A        B        C        D        E       F      G
               +--------+--------+--------+--------+--------+-----+--------+
         Total |   1701 |   1673 |     28 |      0 |   1365 |   3 |  567.0 |
       Dungeon |   1701 |   1673 |     28 |      0 |   1365 |   3 |  567.0 |
               +--------+--------+--------+--------+--------+-----+--------+

Top non-repeatable levels by time:
     D:1: 864 daAuts
     D:2: 782 daAuts
     D:3: 54 daAuts
